 Dungeon Crawl Stone Soup version 0.31-a0-700-gf13585253f (webtiles) character file.

Game seed: 3628063072596852661

109978 demibob the Brawler (level 16, 0/165 HPs)
             Began as a Troll Chaos Knight on Sept 7, 2023.
             Was a Plaything of Xom.
             Slain by a demonic crawler (9 damage)
             ... led by a torpor snail
             ... on level 2 of the Spider Nest.
             The game lasted 00:51:51 (20086 turns).

demibob the Brawler (Troll Chaos Knight)           Turns: 20086, Time: 00:51:53

Health: 0/165      AC: 17    Str: 21      XL:     16   Next: 6%
Magic:  0/15       EV: 12    Int:  3 (6)  God:    Xom [*.....]
Gold:   1485       SH:  0    Dex: 24      Spells: 15/15 levels left

rFire   + .          .
                       - Unarmed
rCold   + . .        i - +10 tower shield of Ignorance {rN+ Int-4}
rNeg    + . .        c - +0 storm dragon scales
rPois   +            (helmet restricted)
rElec   +            u - +0 cloak {Will+}
rCorr   .            (gloves unavailable)
SInv    +            (boots unavailable)
Will    +++++        A - amulet "Ceolaivy" {Spirit +Inv Stlth+}
Stlth   ++           C - ring of protection from cold
HPRegen 1.27/turn    E - +5 ring of evasion
MPRegen 0.14/turn

%: guardian spirit
@: lethally poisoned (0 -> -10), held, slowed, very slow
A: large, unfitting armour, claws 3, regeneration 1, shaggy fur 2, tough skin 1,
beak, thin skeletal structure 1, see invisible, agile 2, clever 1, fire
resistance 1, strong-willed 3, mutation resistance 1, poison resistance, robust
1, MP-powered wands, sturdy frame 2
a: Renounce Religion, Evoke Invisibility


You were on level 2 of the Spider Nest.
You worshipped Xom.
You were a special plaything of Xom.
You visited 5 branches of the dungeon, and saw 25 of its levels.
You visited 1 bazaar.
You also visited: Ice Cave and Volcano.

You collected 3963 gold pieces.
You spent 2478 gold pieces at shops.


Innate Abilities, Weirdness & Mutations

You are too large for most types of armour.
You have claws for hands.
Your natural rate of healing is unusually fast.
You are covered in thick fur. (AC +2)
You have tough skin. (AC +1)
You have a beak for a mouth.
You have a somewhat thin skeletal structure. (Dex +2, Stealth+)
You have supernaturally acute eyesight. (SInv)
You are very agile. (Dex +8, Str/Int -2)
Your mind is acute. (Int +4, Str/Dex -1)
Your flesh is heat resistant. (rF+)
You are extremely strong-willed. (Will+++)
You are somewhat resistant to further mutation.
Your system is resistant to poisons. (rPois)
You are robust. (+10% HP)
You expend magic power (3 MP) to strengthen your wands.
Your movements are less encumbered by armour. (ER -4)


   Skills:
 - Level 7.7 Fighting
 - Level 5.2 Throwing
 + Level 7.5 Armour
 - Level 11.9 Dodging
 - Level 15.0 Shields
 + Level 18.0 Unarmed Combat


You had 15 spell levels left.
You didn't know any spells.
Your spell library contained the following spells:

 Spells                   Type           Power      Damage    Failure   Level
 Kiss of Death            Conj/Necr      0%         2d5       99%         1
 Magic Dart               Conj           0%         1d3       99%         1
 Necrotise                Necr           0%         1d4       99%         1
 Sandblast                Erth           0%         2d4       99%         1
 Sting                    Tmut/Pois      0%         1d3       99%         1
 Blink                    Tloc           0%         N/A       100%        2
 Call Imp                 Summ           0%         N/A       100%        2
 Cigotuvi's Dreadful Rot  Necr/Pois/Air  0%         N/A       100%        2
 Lesser Beckoning         Tloc           0%         N/A       100%        2
 Momentum Strike          Conj/Tloc      0%         3d8       100%        2
 Passwall                 Tmut/Erth      0%         N/A       100%        2
 Poisonous Vapours        Pois/Air       0%         N/A       100%        2
 Static Discharge         Conj/Air       0%         2-2/arc   100%        2
 Sublimation of Blood     Necr           0%         N/A       100%        2
 Wereblood                Tmut           0%         N/A       100%        2
 Confusing Touch          Hex            0%         N/A       100%        3
 Frozen Ramparts          Ice            0%         1d1       100%        3
 Gell's Gravitas          Tloc           0%         N/A       100%        3
 Mephitic Cloud           Conj/Pois/Air  0%         N/A       100%        3
 Stone Arrow              Conj/Erth      0%         3d7       100%        3
 Teleport Other           Tloc           0%         N/A       100%        3
 Tukima's Dance           Hex            0%         N/A       100%        3
 Vampiric Draining        Necr           0%         2d6       100%        3
 Airstrike                Air            0%         2d(0-16)  100%        4
 Dimensional Bullseye     Hex/Tloc       0%         N/A       100%        4
 Dispel Undead            Necr           0%         3d6       100%        4
 Iskenderun's Mystic Bla  Conj/Tloc      0%         2d3       100%        4
 Olgreb's Toxic Radiance  Pois           0%         N/A       100%        4
 Passage of Golubria      Tloc           0%         N/A       100%        4
 Petrify                  Tmut/Erth      0%         N/A       100%        4
 Summon Lightning Spire   Summ/Air       0%         N/A       100%        4
 Vhi's Electric Charge    Tloc/Air       0%         N/A       100%        4
 Agony                    Necr           0%         N/A       100%        5
 Arcjolt                  Conj/Air       0%         1d10      100%        5
 Metabolic Englaciation   Hex/Ice        0%         N/A       100%        5
 Silence                  Hex/Air        0%         N/A       100%        5
 Death Channel            Necr           0%         N/A       100%        6
 Dispersal                Tloc           0%         N/A       100%        6
 Summon Hydra             Summ           0%         N/A       100%        7
 Lehudib's Crystal Spear  Conj/Erth      0%         10d2      100%        8
 Maxwell's Capacitive Co  Air            0%         ∞         100%        8

Inventory:

Missiles
 m - 27 poisoned darts
 v - 4 large rocks (quivered) {=f}
 x - 3 atropa-tipped darts
 y - a curare-tipped dart {=f}
 F - 3 javelins
Armour
 c - +0 storm dragon scales (worn)
 i - the +10 tower shield of Ignorance (worn) {rN+ Int-4}
   (You bought it in a shop on level 2 of the Orcish Mines)

   Int-4:     It affects your intelligence (-4).
   rN+:       It protects you from negative energy.
 q - +0 steam dragon scales
 u - a +0 cloak of willpower (worn)
 P - the +2 cloak of the Thief {*Fog Slay-2 SInv Stlth+}
   (You found it in a volcano)

   *Fog:      It may release a thick cloud of smoke when the wearer is hurt.
   Slay-2:    It affects your accuracy & damage with ranged weapons and melee
   (-2).
   SInv:      It lets you see invisible.
   Stlth+:    It makes you more stealthy.
Magical Staves
 S - a staff of poison {!a}
Jewellery
 f - a ring of fire
 n - a ring of positive energy
 z - an amulet of faith {!P}
 A - the amulet "Ceolaivy" (around neck) {Spirit +Inv Stlth+}
   (Xom gifted it to you on level 11 of the Dungeon)

   [amulet of guardian spirit]

   Spirit:    It causes incoming damage to be divided between your reserves of
   health and magic.
   +Inv:      It lets you turn invisible.
   Stlth+:    It makes you more stealthy.
 C - a ring of protection from cold (left claw)
 D - a +6 ring of dexterity
 E - a +5 ring of evasion (right claw)
 J - an amulet of guardian spirit
 Q - a ring of resist corrosion
 R - a ring of resist corrosion
 W - a ring of willpower
Wands
 a - a wand of flame (41)
 b - a wand of charming (10)
 d - a wand of polymorph (13)
 h - a wand of digging (9)
 s - a wand of mindburst (12)
 I - a wand of roots (8)
Scrolls
 e - a scroll of torment
 g - 2 scrolls of enchant weapon
 l - 2 scrolls of immolation
 r - 5 scrolls of enchant armour
 H - 3 scrolls of teleportation {@r2}
 L - a scroll of fog
 M - a scroll of revelation
 N - 3 scrolls of vulnerability
 U - 2 scrolls of amnesia
Potions
 j - 5 potions of lignification
 k - 2 potions of brilliance
 o - 3 potions of magic
 p - 12 potions of curing {@q1}
 t - a potion of ambrosia
 w - 4 potions of mutation
 B - 2 potions of heal wounds {@q2}
 G - a potion of cancellation
 K - 4 potions of might
 T - a potion of attraction

Dungeon Overview and Level Annotations

Branches:
Dungeon (15/15)            Temple (1/1) D:5            Lair (5/5) D:11
 Shoals (0/4) Lair:3       Spider (2/4) Lair:3        Slime (0/5) Lair:5
    Orc (2/2) D:11            Elf (0/3) Orc:2        Vaults (0/5) D:13
 Depths (0/4) D:15          IceCv (visited)         Volcano (visited)

Altars:
Ashenzari
Cheibriados
Dithmenos
Elyvilon
Fedhas
Gozag
Hepliaklqana
Kikubaaqudgha
Makhleb
Nemelex Xobeh
Okawaru
Qazlal
Ru
Sif Muna
Trog
Uskayaw
Vehumet
Wu Jian
Xom
Yredelemnul
Zin
The Shining One

Shops:
D:3 ?   D:4 [   Orc:1 !?   Orc:2 ?[(*

Annotations:
D:3 1 runed translucent door
D:7 3 runed translucent doors, lunkers's ghost, novice MeSh
D:12 1 runed translucent door, SirDiesAlot's ghost, journeyman OpEE
Lair:4 exclusion: 2 oklob plants
Spider:2 Arachne

**,,,,.....#**,,,,,*
**
*,,,,,,.(...*****,**
*, *,,,,,,,#...* ***
*, **,,,,,*#..### **
***,,,,*#.(.### *
**,,,,#...#^######
*,,,##......##.$## ##
**,,#.....ws....(#
*** .##
***#...<..@H...## *,,
..## *#....##.s...##
**,, ...#
#...^###.....# *,,,
...## ##..##,#..(..#
*,,* ....#
*###*.......># *,,*
....#***,,,,.....#.##
*,,,
.####,*,,,,,....####
***,,
...,,,,,,,,*#^.#*
***,***
s...,,,,,,,,##**
**,,,,*,


You could see Arachne (invisible), a torpor snail, a demonic crawler and a wolf
spider.


Message History

Arachne's staff shoots out a stream of webbing.
The stream of webbing hits you but does no damage.
You are caught in a web!
The demonic crawler closely misses you. The demonic crawler misses you.
The demonic crawler hits you.
* * * LOW HITPOINT WARNING * * *
The wolf spider barely misses you.
The wolf spider bites you but does no damage.
Arachne stares at you and mumbles some strange words.
The bolt of poison hits you!
You are poisoned.
You resist.
* * * LOW HITPOINT WARNING * * *
You feel much better.
You feel extremely sick.
The wolf spider hits you but does no damage.
The wolf spider closely misses you.
The demonic crawler hits you but does no damage.
The demonic crawler closely misses you. The demonic crawler barely misses you.
Arachne hits you with a staff of poison.
* * * LOW HITPOINT WARNING * * *
Arachne envenoms you.
* * * LOW HITPOINT WARNING * * *
You are more poisoned.
The wolf spider hits you!
* * * LOW HITPOINT WARNING * * *
The wolf spider barely misses you. The demonic crawler hits you!
* * * LOW HITPOINT WARNING * * *
The demonic crawler hits you!
You die...
Xom laughs nastily!

Skill      XL: |  1  2  3  4  5  6  7  8  9 10 11 12 13 14 15 16 |
---------------+-------------------------------------------------+-----
Unarmed Combat | 4 5 6 7 8 10 12 13 14 15 16 17 18 | 18.0
Throwing       | 1 2 3 4 5 |  5.2
Fighting       | 3 5 6 7 |  7.7
Shields        | 6 11 12 13 14 15 | 15.0
Dodging        | 3 8 11 | 11.9
Armour         | 4 7 |  7.5

Action                     |  1- 3 |  4- 6 |  7- 9 | 10-12 | 13-15 | 16-18 || total
---------------------------+-------+-------+-------+-------+-------+-------++-------
  Melee: Unarmed           |    66 |   161 |   288 |   584 |  1149 |    51 ||  2299
         Punch             |     2 |     2 |    16 |     1 |       |       ||    21
         Kick              |       |       |       |   187 |   141 |       ||   328
         Peck              |       |       |       |    49 |   326 |    15 ||   390
  Throw: Dart              |       |       |    16 |     8 |    26 |       ||    50
         Javelin           |       |       |     4 |       |     7 |       ||    11
         Throwing net      |       |       |     2 |       |       |       ||     2
         Large rock        |       |       |       |       |    27 |     5 ||    32
  Evoke: Wand              |       |       |     1 |     2 |    34 |       ||    37
    Use: Scroll            |     2 |     3 |    13 |     9 |    21 |     3 ||    51
         Potion            |       |     2 |     9 |     3 |     9 |     5 ||    28
   Stab: Sleeping          |     1 |       |     4 |     5 |     4 |       ||    14
         Confused          |     1 |       |       |     4 |    12 |       ||    17
         Distracted        |       |       |       |     2 |     8 |       ||    10
         Invisible         |       |       |       |       |     3 |     7 ||    10
         Paralysed         |       |       |       |       |     1 |       ||     1
 Armour: Robe              |    37 |    99 |   151 |       |       |       ||   287
         Skin              |       |     1 |       |       |       |       ||     1
         Steam dragon scal |       |       |    43 |   275 |   160 |       ||   478
         Storm dragon scal |       |       |       |       |   224 |    52 ||   276
  Dodge: Dodged            |    19 |    59 |   123 |   211 |   446 |    53 ||   911
  Block: Tower shield      |       |       |       |   541 |  1357 |   113 ||  2011

Levels and vault maps discovered:
D:1:      lightli_arrival_quake, layout_loops_ring
D:2:      kennysheep_six_static_rooms, layout_loops_ring,
          shapermc_ecumenical_altar_venn, uniq_terence, uniq_natasha, uniq_robin
D:3:      layout_rooms, nicolae_ashenzari_skybound, marbit_many_paths,
          mainiacjoe_overflow_tiny_flanked, dk_yredelemnul_ordeal,
          nicolae_nh_oracle_at_delphi
D:4:      layout_basic, elyvilon_altar_3, serial_shops, shop, serial_undead,
          serial_undead_c, serial_undead_b, serial_undead_f, serial_undead_f
D:5:      layout_layer_cave, makhleb_grotto_becter,
          minmay_temple_entry_statues_pillars, uniq_edmund
D:6:      layout_gridville, kennysheep_orc_sif_temple
D:7:      layout_basic, vehumet_altar_wand_db, gammafunk_ghost_icy,
          dreamdust_gnoll_farm, uniq_crazy_yiuf_cottage, uniq_maggie,
          uniq_jeremiah, uniq_prince_ribbit1
D:8:      layout_basic, nemelex_diamond_rough_becter, uniq_amaemon, uniq_psyche
D:9:      layout_rooms, mainiacjoe_overflow_alcove_1, uniq_grum
D:10:     layout_basic, mainiacjoe_overflow_paths,
          nicolae_dithmenos_shadow_blocks, nrook_uturn, uniq_maurice, uniq_lodul
D:11:     layout_stronghold, hellmonk_lair_entry_icy
D:12:     minmay_textured_paths, layout_irregular_city,
          ebering_ghost_inner_flame
D:13:     layout_cross, david_vaults_5
D:14:     layout_cave_pools, patterned_corridor, chequers_serial_rivers_room_a
D:15:     gammafunk_depths_entry_grave, layout_basic, serial_shops,
          bzr_in_the_mist, uniq_louise, uniq_nessos, uniq_roxanne
Temple:   zaba_magenta_temple
Lair:1:   layout_loops_ring, nicolae_quartered_pool_little,
          chequers_serial_rivers_marsh, chequers_serial_rivers_room_b
Lair:2:   layout_misc_corridors
Lair:3:   layout_hall_layers, elwin_shoals_entry_rocks,
          nicolae_spider_entry_non_spiders, chequers_serial_rivers_small_3,
          bh_autumn_forest_stairs, serial_bayou_shore_a, grunt_megastairs_5
Lair:4:   layout_regular_city, serial_bayou_pond_c, hangedman_tree_tricks,
          pdpol_lair_cavern_descent, uniq_kirke, uniq_rupert
Lair:5:   minmay_lair_end_frog_pond, layout_long_grid, slime_entry_1,
          lemuel_fruit_tree
Spider:1: layout_spider_delve, uniq_asterion, uniq_aizul
Spider:2: layout_spider_delve, portal_ice_cave_entry_pillars_four, uniq_arachne
Orc:1:    layout_diamond_mine, serial_shops, nicolae_shop_tiny_real_fake_doors,
          shop
Orc:2:    st_orc_ogre_mass, layout_caves, lightli_volcano_entry_magma_tube

Notes
Turn   | Place    | Note
-------+----------+-------------------------------------------
     0 | D:1      | demibob the Troll Chaos Knight began the quest for the Orb.
     0 | D:1      | Reached XP level 1. HP: 22/22 MP: 0/0
   133 | D:1      | Reached XP level 2. HP: 29/29 MP: 1/1
   383 | D:1      | Reached skill level 4 in Unarmed Combat
   459 | D:1      | XOM: cloud trail
   776 | D:2      | Reached XP level 3. HP: 19/36 MP: 2/2
   815 | D:2      | Found a faded altar of an unknown god.
   823 | D:2      | XOM: give mutation
   823 | D:2      | Gained mutation: You sometimes lose your temper in combat.
                  | [Xom's mischief]
  1015 | D:2      | XOM is BORED!
  1015 | D:2      | XOM: give mutations
  1015 | D:2      | Gained mutation: You have supernaturally acute eyesight.
                  | (SInv) [Xom's mischief]
  1015 | D:2      | Lost mutation: You have supernaturally acute eyesight.
                  | (SInv) [Xom's mischief]
  1015 | D:2      | Gained mutation: Your system is resistant to poisons.
                  | (rPois) [Xom's mischief]
  1015 | D:2      | Gained mutation: You are weak. (Str -2) [Xom's mischief]
  1060 | D:2      | Noticed Natasha
  1060 | D:2      | XOM: confuse monster(s)
  1069 | D:2      | Killed Natasha
  1070 | D:2      | Reached skill level 1 in Throwing
  1075 | D:2      | Reached XP level 4. HP: 24/44 MP: 3/3
  1151 | D:2      | Noticed Terence
  1159 | D:2      | Killed Terence
  1160 | D:2      | Reached skill level 5 in Unarmed Combat
  1328 | D:2      | Noticed Natasha
  1334 | D:2      | Killed Natasha
  1470 | D:2      | Noticed Natasha
  1475 | D:2      | Killed Natasha
  1476 | D:2      | Reached XP level 5. HP: 39/50 MP: 4/4
  1550 | D:2      | Reached skill level 2 in Throwing
  1555 | D:2      | Identified the +1 helmet of Defence {rElec Will- Str+7
                  | Int-2}
  1555 | D:2      | Noticed Robin
  1558 | D:2      | Killed Robin
  1764 | D:3      | Reached skill level 6 in Unarmed Combat
  1764 | D:3      | Reached XP level 6. HP: 59/59 MP: 5/5
  1850 | D:3      | Found a broken altar of Ashenzari.
  1875 | D:3      | Found a runed translucent door.
  1875 | D:3      | Noticed a human
  1877 | D:3      | Found a basalt altar of Yredelemnul.
  1925 | D:3      | XOM: cloud trail
  2085 | D:3      | Found a snail-covered altar of Cheibriados.
  2101 | D:3      | Found a bloodstained altar of Trog.
  2203 | D:3      | Found The Oracle's Delphic Readings.
  2207 | D:3      | Bought a scroll of identify for 20 gold pieces
  2207 | D:3      | Bought a scroll of fear for 40 gold pieces
  2498 | D:4      | Reached skill level 3 in Throwing
  2553 | D:4      | XOM: divination: detect creatures
  2572 | D:4      | Reached skill level 7 in Unarmed Combat
  2572 | D:4      | Reached XP level 7. HP: 53/66 MP: 6/6
  2637 | D:4      | XOM: smoke on damage
  2723 | D:4      | Found Ikarr's Antique Armour Emporium.
  2788 | D:4      | Found a white marble altar of Elyvilon.
  2956 | D:4      | XOM: give mutation
  2956 | D:4      | Gained mutation: You are somewhat resistant to further
                  | mutation. [Xom's mischief]
  3285 | D:5      | Entered Level 5 of the Dungeon
  3318 | D:5      | Reached skill level 4 in Throwing
  3344 | D:5      | Reached skill level 8 in Unarmed Combat
  3375 | D:5      | XOM: give mutations
  3375 | D:5      | Gained mutation: You are strong-willed. (Will+) [Xom's
                  | mischief]
  3375 | D:5      | Gained mutation: You are highly strong-willed. (Will++)
                  | [Xom's mischief]
  3375 | D:5      | Gained mutation: You are agile. (Dex +4, Str/Int -1) [Xom's
                  | mischief]
  3528 | D:5      | XOM: summons 4 hostile demons
  3529 | D:5      | Noticed a sun demon
  3531 | D:5      | XOM: butterfly on damage
  3541 | D:5      | Reached XP level 8. HP: 37/74 MP: 7/7
  3545 | D:5      | Identified a potion of resistance
  3798 | D:5      | Reached skill level 9 in Unarmed Combat
  3871 | D:5      | Noticed Edmund
  3881 | D:5      | Killed Edmund
  3882 | D:5      | Reached skill level 5 in Throwing
  3910 | D:5      | Found a staircase to the Ecumenical Temple.
  3917 | D:5      | XOM: summons 3 hostile shadow creatures
  3924 | Temple   | XOM: noise
  3924 | Temple   | Entered the Ecumenical Temple
  4071 | D:5      | XOM: summons 1 hostile demon
  4123 | D:5      | Found a burning altar of Makhleb.
  4237 | D:6      | XOM: draining
  4258 | D:6      | Reached skill level 3 in Fighting
  4284 | D:6      | Reached skill level 10 in Unarmed Combat
  4301 | D:6      | XOM: chaos cloud
  4350 | D:6      | XOM: 1-stop teleportation journey
  4428 | D:6      | Found a shimmering blue altar of Sif Muna.
  4469 | D:6      | XOM: stat loss: -1 Int (6/7)
  4481 | D:6      | Reached XP level 9. HP: 80/83 MP: 8/8
  4868 | D:7      | XOM: god gift: ring of willpower
  4887 | D:7      | Noticed Maggie
  4892 | D:7      | XOM: summons 4 friendly demons
  4901 | D:7      | Killed Maggie
  4965 | D:7      | Noticed lunkers's ghost (novice MeSh)
  5003 | D:7      | Found a radiant altar of Vehumet.
  5063 | D:7      | Noticed Jeremiah
  5079 | D:7      | Killed Jeremiah
  5080 | D:7      | Reached skill level 4 in Fighting
  5080 | D:7      | Reached skill level 11 in Unarmed Combat
  5189 | D:7      | Noticed a gargoyle
  5190 | D:7      | Noticed Prince Ribbit
  5198 | D:7      | Killed Prince Ribbit
  5205 | D:7      | Killed a gargoyle
  5279 | D:7      | Found a runed translucent gate.
  5280 | D:7      | Found a runed translucent gate.
  5282 | D:7      | Found a runed translucent gate.
  5356 | D:7      | XOM: divination: detect creatures
  5475 | D:7      | XOM: divination: detect creatures
  5501 | D:7      | XOM: divination: detect creatures
  5534 | D:7      | Found a runed translucent door.
  5539 | D:7      | Noticed Crazy Yiuf
  5542 | D:7      | XOM is BORED!
  5542 | D:7      | XOM: draining
  5549 | D:7      | Killed Crazy Yiuf
  5565 | D:7      | XOM: give mutations
  5565 | D:7      | Gained mutation: You are covered in thick fur. (AC +2)
                  | [Xom's grace]
  5565 | D:7      | Gained mutation: Your spells are a little harder to cast,
                  | but a little more powerful. [Xom's grace]
  5565 | D:7      | Gained mutation: You have an increased reservoir of magic.
                  | (+10% MP) [Xom's grace]
  5565 | D:7      | Gained mutation: You are extremely strong-willed. (Will+++)
                  | [Xom's grace]
  5654 | D:7      | XOM: god gift: plate armour {god gift}
  5730 | D:8      | XOM: scenery: 1 doors open
  5811 | D:8      | Noticed an orange demon
  5812 | D:8      | Noticed Amaemon
  5821 | D:8      | Killed an orange demon
  5822 | D:8      | Reached skill level 5 in Fighting
  5822 | D:8      | Reached skill level 12 in Unarmed Combat
  5825 | D:8      | XOM: summons friendly iron imp
  5837 | D:8      | Killed Amaemon
  5838 | D:8      | Reached XP level 10. HP: 48/96 MP: 10/10
  5869 | D:8      | Noticed Psyche
  5899 | D:8      | Killed Psyche
  5932 | D:8      | XOM: give mutations
  5932 | D:8      | Gained mutation: You have large cloven feet. [Xom's grace]
  5932 | D:8      | Gained mutation: You have supernaturally acute eyesight.
                  | (SInv) [Xom's grace]
  5947 | D:8      | Identified a scroll of acquirement
  5947 | D:8      | Acquired a +5 ring of evasion
  6082 | D:8      | Found a sparkling altar of Nemelex Xobeh.
  6499 | D:8      | Reached skill level 6 in Fighting
  6661 | D:8      | Reached skill level 13 in Unarmed Combat
  6706 | D:8      | XOM: god gift: 31 gold pieces
  6845 | D:4      | Bought a runed tower shield for 202 gold pieces
  6973 | D:9      | Reached skill level 1 in Shields
  7034 | D:9      | Reached skill level 2 in Shields
  7072 | D:9      | XOM: summons 3 hostile shadow creatures
  7112 | D:9      | Noticed Grum
  7123 | D:9      | Reached skill level 3 in Shields
  7129 | D:9      | Killed Grum
  7132 | D:9      | Reached skill level 4 in Shields
  7139 | D:9      | XOM: summons 3 hostile demons
  7187 | D:9      | Found an iron altar of Okawaru.
  7420 | D:10     | Entered Level 10 of the Dungeon
  7501 | D:10     | XOM: god gift: wand of quicksilver (6)
  7533 | D:10     | XOM: fog
  7562 | D:10     | Reached skill level 5 in Shields
  7578 | D:10     | XOM: god gift: robe {god gift}
  7638 | D:10     | Noticed Lodul
  7640 | D:10     | XOM: give mutation
  7640 | D:10     | Gained mutation: Your movements are slightly less
                  | encumbered by armour. (ER -2) [Xom's grace]
  7648 | D:10     | Killed Lodul
  7651 | D:10     | Reached skill level 6 in Shields
  7654 | D:10     | Reached XP level 11. HP: 102/105 MP: 11/11
  7684 | D:10     | Found an ancient bone altar of Kikubaaqudgha.
  7732 | D:10     | Found a shadowy altar of Dithmenos.
  7746 | D:10     | XOM: fake destruction
  7754 | D:10     | XOM: god gift: scroll of poison
  7758 | D:10     | Reached skill level 7 in Shields
  7945 | D:10     | XOM: 2-stop teleportation journey
  8067 | D:10     | XOM: give mutations
  8067 | D:10     | Gained mutation: Your spells are harder to cast, but more
                  | powerful. [Xom's grace]
  8067 | D:10     | Gained mutation: You are very agile. (Dex +8, Str/Int -2)
                  | [Xom's grace]
  8067 | D:10     | Gained mutation: Your thick and shaggy fur keeps you warm.
                  | (AC +3, rC+) [Xom's grace]
  8067 | D:10     | Gained mutation: Your flesh is heat resistant. (rF+) [Xom's
                  | grace]
  8133 | D:10     | Noticed Maurice
  8144 | D:10     | Killed Maurice
  8224 | D:11     | Identified the amulet "Ceolaivy" {Spirit +Inv Stlth+} (Xom
                  | gifted it to you on level 11 of the Dungeon)
  8224 | D:11     | XOM: god gift: amulet "Ceolaivy" {Spirit +Inv Stlth+}
  8344 | D:11     | XOM: confuse monster(s)
  8353 | D:11     | Reached skill level 8 in Shields
  8372 | D:11     | XOM: divine lightning
  8422 | D:11     | Found a staircase to the Orcish Mines.
  8483 | D:11     | Found a staircase to the Lair.
  8529 | D:11     | XOM: silly message
  8621 | D:11     | Noticed a boulder beetle
  8630 | D:11     | Killed a boulder beetle
  8631 | D:11     | Reached skill level 9 in Shields
  8718 | D:11     | Noticed a purple ugly thing
  8720 | D:11     | XOM: cast spell 'Death Channel'
  8730 | D:11     | Killed a purple ugly thing
  9058 | Lair:1   | Entered Level 1 of the Lair of Beasts
  9072 | Lair:1   | Reached skill level 10 in Shields
  9220 | Lair:1   | XOM: summons friendly crimson imp
  9381 | Lair:1   | XOM: scenery: create altars
  9383 | Lair:1   | XOM: polymorph yak -> human
  9591 | Lair:1   | XOM: god gift: scroll labelled RODEKI IMIF {god gift}
  9856 | Lair:1   | XOM: give mutations
  9856 | Lair:1   | Gained mutation: You have a beak for a mouth. [Xom's grace]
  9856 | Lair:1   | Gained mutation: You expend magic power (3 MP) to
                  | strengthen your wands. [Xom's grace]
  9856 | Lair:1   | Lost mutation: You sometimes lose your temper in combat.
                  | [Xom's grace]
  9922 | Lair:2   | Reached skill level 11 in Shields
  9952 | Lair:2   | XOM: confuse monster(s)
  9953 | Lair:2   | XOM: enchant monster (good)
  9960 | Lair:2   | Reached XP level 12. HP: 114/114 MP: 12/12
  9962 | Lair:2   | XOM: destruction
 10071 | Lair:2   | XOM: confusion (+ monsters)
 10289 | Lair:2   | Reached skill level 7 in Fighting
 10328 | Lair:2   | Identified the +2 hand axe of Yredelemnul's Respect
                  | {freeze, rN+ rCorr}
 10349 | Lair:2   | XOM: god gift: 1233 gold pieces
 10434 | Lair:2   | XOM: enchant monster (bad)
 10440 | Lair:2   | XOM: polymorph yak -> culicivora
 10646 | Lair:3   | Noticed a boulder beetle
 10656 | Lair:3   | XOM: potion effect (haste)
 10660 | Lair:3   | Noticed an eight-headed hydra
 10663 | Lair:3   | Killed a boulder beetle
 10667 | Lair:3   | XOM: summons 2 friendly demons
 10674 | Lair:3   | Reached skill level 14 in Unarmed Combat
 10675 | Lair:3   | Killed a ten-headed hydra
 10676 | Lair:3   | Reached skill level 12 in Shields
 10717 | Lair:3   | Acquired a manual of Dodging
 10738 | Lair:3   | Reached skill level 2 in Dodging
 10766 | Lair:3   | Found a hole to the Spider Nest.
 10772 | Lair:3   | XOM: silly message
 10799 | Lair:3   | XOM: silly message
 10935 | Lair:3   | Found a staircase to the Shoals.
 10938 | Lair:3   | XOM: polymorph komodo dragon -> cyclops
 10952 | Lair:3   | XOM: chaos cloud
 10961 | Lair:3   | Reached skill level 3 in Dodging
 11111 | Lair:3   | Noticed a boulder beetle
 11118 | Lair:3   | Killed a boulder beetle
 11131 | Lair:3   | XOM: blink monster(s)
 11154 | Lair:3   | Reached XP level 13. HP: 98/127 MP: 8/13
 11171 | Lair:3   | Reached skill level 4 in Dodging
 11793 | Lair:4   | Noticed Kirke
 11797 | Lair:4   | XOM: 5-stop teleportation journey
 11894 | Lair:4   | XOM: 2-stop teleportation journey
 11899 | Lair:4   | XOM: 1-stop teleportation journey
 12109 | Lair:4   | XOM: enchant monster (bad)
 12173 | Lair:4   | Reached skill level 5 in Dodging
 12192 | Lair:4   | Identified the +6 short sword of Prescription {elec,
                  | Fragile rC+++ Dex+2 SInv}
 12220 | Lair:4   | XOM: enchant monster (bad)
 12225 | Lair:4   | XOM: summons 2 hostile demons
 12230 | Lair:4   | XOM: swap monsters
 12232 | Lair:4   | XOM: enchant monster (bad)
 12239 | Lair:4   | XOM: chaos cloud
 12249 | Lair:4   | a death yak changed into a dire elephant
 12249 | Lair:4   | Noticed a dire elephant
 12249 | Lair:4   | XOM: polymorph death yak -> dire elephant
 12262 | Lair:4   | XOM: swap monsters
 12277 | Lair:4   | Killed a dire elephant
 12374 | Lair:4   | XOM: 3-stop teleportation journey
 12383 | Lair:4   | XOM: divine lightning
 12395 | Lair:4   | Reached skill level 6 in Dodging
 12402 | Lair:4   | XOM: confusion (+ monsters)
 12411 | Lair:4   | XOM: confuse monster(s)
 12413 | Lair:4   | XOM: divination: detect creatures
 12414 | Lair:4   | XOM: enchant monster (good)
 12425 | Lair:4   | Killed Kirke
 12536 | Lair:4   | Noticed Rupert
 12553 | Lair:4   | Killed Rupert
 12554 | Lair:4   | Reached skill level 13 in Shields
 12554 | Lair:4   | Reached skill level 15 in Unarmed Combat
 12598 | Lair:4   | Reached skill level 7 in Dodging
 12618 | Lair:4   | XOM: cloud trail
 12711 | Lair:4   | Found a blossoming altar of Fedhas.
 12801 | Lair:4   | XOM: confuse monster(s)
 12998 | Lair:4   | XOM: cloud trail
 13009 | Lair:4   | XOM: silly message
 13280 | Lair:5   | Entered Level 5 of the Lair of Beasts
 13283 | Lair:5   | XOM: enchant monster (bad)
 13286 | Lair:5   | XOM: cast spell 'Summon Ice Beast'
 13376 | Lair:5   | XOM: noise
 13381 | Lair:5   | XOM: swap monsters
 13385 | Lair:5   | XOM: summons 13 friendly demons
 13392 | Lair:5   | Reached skill level 8 in Dodging
 13410 | Lair:5   | XOM: noise
 13426 | Lair:5   | XOM: smoke on damage
 13439 | Lair:5   | XOM: silly message
 13454 | Lair:5   | XOM: divination: detect creatures
 13465 | Lair:5   | XOM: cast spell 'Summon Mana Viper'
 13517 | Lair:5   | Reached XP level 14. HP: 99/135 MP: 9/14
 13598 | Lair:5   | XOM: noise
 13603 | Lair:5   | XOM: confuse monster(s)
 13638 | Lair:5   | Reached skill level 9 in Dodging
 13661 | Lair:5   | XOM: polymorph cane toad -> blink frog
 13678 | Lair:5   | XOM: polymorph cane toad -> shapeshifter
 13689 | Lair:5   | XOM: give mutation
 13689 | Lair:5   | Lost mutation: You are weak. (Str -2) [Xom's mischief]
 13710 | Lair:5   | XOM: divination: detect items
 13774 | Lair:5   | XOM: draining
 14069 | Lair:5   | XOM: silly message
 14074 | Lair:5   | XOM: give mutations
 14074 | Lair:5   | Lost mutation: You have large cloven feet. [Xom's mischief]
 14074 | Lair:5   | Lost mutation: Your spells are harder to cast, but more
                  | powerful. [Xom's mischief]
 14074 | Lair:5   | Lost mutation: You have an increased reservoir of magic.
                  | (+10% MP) [Xom's mischief]
 14158 | Lair:5   | Found a staircase to the Slime Pits.
 14351 | Lair:4   | XOM: summons 1 hostile demon
 14572 | D:12     | Noticed a storm dragon
 14572 | D:12     | Noticed a storm dragon
 14590 | D:12     | XOM: enchant monster (bad)
 14596 | D:12     | Killed a storm dragon
 14597 | D:12     | Reached skill level 14 in Shields
 14597 | D:12     | Reached skill level 16 in Unarmed Combat
 14604 | D:12     | Reached skill level 10 in Dodging
 14605 | D:12     | XOM: 5-stop teleportation journey
 14719 | D:12     | XOM: 3-stop teleportation journey
 14808 | D:12     | Reached skill level 1 in Armour
 14840 | D:12     | Killed a storm dragon
 14967 | D:12     | XOM: scenery: 1 doors close
 14969 | D:12     | Found a runed translucent door.
 14975 | D:12     | Noticed SirDiesAlot's ghost (journeyman OpEE)
 15311 | D:12     | XOM: give mutations
 15311 | D:12     | Lost mutation: Your spells are a little harder to cast, but
                  | a little more powerful. [Xom's mischief]
 15311 | D:12     | Lost mutation: Your thick and shaggy fur keeps you warm.
                  | (AC +3, rC+) [Xom's mischief]
 15338 | D:13     | XOM: blink monster(s)
 15342 | D:12     | XOM: confusion
 15475 | Orc:1    | Entered Level 1 of the Orcish Mines
 15493 | Orc:1    | XOM: polymorph orc warrior -> wyvern
 15541 | Orc:1    | You fall into a shaft and drop 1 floor!
 15541 | Orc:2    | Entered Level 2 of the Orcish Mines
 15568 | Orc:2    | Found a dark tunnel.
 15576 | Orc:2    | Reached skill level 2 in Armour
 15585 | Volcano  | Entered a volcano
 15634 | Volcano  | Found the +2 cloak of the Thief {*Fog Slay-2 SInv Stlth+}
 15638 | Volcano  | XOM: confuse monster(s)
 15699 | Volcano  | XOM: confuse monster(s)
 15707 | Volcano  | XOM: give mutation
 15707 | Volcano  | Gained mutation: Armour fits poorly on your strangely
                  | shaped body. [Xom's mischief]
 15762 | Orc:2    | Found a staircase to the Elven Halls.
 15764 | Orc:2    | XOM: polymorph orc -> dart slug
 15775 | Orc:2    | XOM: repel stairs
 15858 | Orc:2    | Reached skill level 11 in Dodging
 16056 | Orc:1    | Found Qicsif's Magic Scroll Shop.
 16081 | Orc:1    | Found Ynyun's Distillery.
 16112 | Orc:1    | Reached skill level 3 in Armour
 16116 | Orc:1    | XOM: summons 1 hostile shadow creature
 16382 | Orc:2    | XOM: give mutation
 16382 | Orc:2    | Lost mutation: Armour fits poorly on your strangely shaped
                  | body. [Xom's mischief]
 16446 | Orc:2    | XOM: divination: detect creatures
 16460 | Orc:2    | XOM: confuse monster(s)
 16475 | Orc:2    | XOM: potion effect (brilliance)
 16483 | Orc:2    | Reached skill level 4 in Armour
 16492 | Orc:2    | XOM: give mutations
 16492 | Orc:2    | Gained mutation: You have a somewhat thin skeletal
                  | structure. (Dex +2, Stealth+) [Xom's grace]
 16492 | Orc:2    | Gained mutation: Your mind is acute. (Int +4, Str/Dex -1)
                  | [Xom's grace]
 16492 | Orc:2    | Gained mutation: Your movements are less encumbered by
                  | armour. (ER -4) [Xom's grace]
 16492 | Orc:2    | Gained mutation: You are robust. (+10% HP) [Xom's grace]
 16504 | Orc:2    | Reached XP level 15. HP: 119/157 MP: 5/14
 16517 | Orc:2    | XOM: summons friendly shadow imp
 16522 | Orc:2    | XOM: enchant monster (good)
 16524 | Orc:2    | XOM: fog
 16605 | Orc:2    | Found Couxysev's Assorted Antiques.
 16605 | Orc:2    | Found Qapen's Weapon Shop.
 16606 | Orc:2    | Found Zoawiyph's Armour Shop.
 16606 | Orc:2    | Found Tojaer's Magic Scroll Emporium.
 16622 | Orc:2    | Bought the +10 tower shield of Ignorance {rN+ Int-4} for
                  | 916 gold pieces
 16622 | Orc:2    | Found the +10 tower shield of Ignorance {rN+ Int-4}
 16644 | Orc:2    | XOM: swap monsters
 16823 | Orc:2    | Bought a scroll of poison for 96 gold pieces
 16823 | Orc:2    | Bought a scroll of teleportation for 72 gold pieces
 16823 | Orc:2    | Bought 2 potions of curing for 144 gold pieces
 16823 | Orc:2    | Bought a potion of curing for 72 gold pieces
 16823 | Orc:2    | Bought a potion of curing for 72 gold pieces
 16824 | Orc:2    | Bought a scroll of fog for 56 gold pieces
 16824 | Orc:2    | Bought a scroll of revelation for 105 gold pieces
 16824 | Orc:2    | Bought a scroll of revelation for 105 gold pieces
 16824 | Orc:2    | Bought a scroll of enchant armour for 105 gold pieces
 16954 | Orc:1    | Bought a scroll of fear for 52 gold pieces
 16954 | Orc:1    | Bought a scroll of enchant armour for 97 gold pieces
 17102 | D:13     | XOM: noise
 17103 | D:13     | XOM: enchant monster (bad)
 17111 | D:13     | Reached skill level 17 in Unarmed Combat
 17189 | D:13     | XOM: polymorph howler monkey -> swamp drake
 17194 | D:13     | Reached skill level 5 in Armour
 17237 | D:13     | XOM: noise
 17287 | D:13     | XOM: blink monster(s)
 17327 | D:13     | XOM: summons 6 hostile demons
 17345 | D:13     | Found a gate to the Vaults.
 17469 | D:13     | XOM: swap monsters
 17847 | D:14     | XOM: polymorph white ugly thing -> green ugly thing
 17851 | D:14     | XOM: divination: detect creatures
 17856 | D:14     | XOM: cast spell 'Summon Small Mammal'
 17873 | D:14     | XOM: summons friendly shadow imp
 17884 | D:14     | XOM: noise
 17919 | D:14     | XOM: potion effect (invisibility)
 18011 | D:14     | XOM: 1-stop teleportation journey
 18182 | D:14     | XOM: noise
 18187 | D:14     | Reached skill level 6 in Armour
 18387 | D:15     | Entered Level 15 of the Dungeon
 18423 | D:15     | Noticed Louise
 18438 | D:15     | Killed Louise
 18506 | D:15     | Found a staircase to the Depths.
 18667 | D:15     | Noticed Roxanne
 18680 | D:15     | XOM: summons 3 friendly demons
 18699 | D:15     | Killed Roxanne
 18750 | D:15     | Found a gateway to a bazaar.
 18763 | D:15     | XOM: torment (94/157 hp)
 18829 | Bazaar   | Entered a bazaar
 18843 | Bazaar   | Found Gamupoju's Weapon Emporium.
 18859 | Bazaar   | Found Dejes's Assorted Antiques.
 18875 | Bazaar   | Found Pogybreo's Assorted Antiques.
 18915 | Bazaar   | Bought a potion of curing for 108 gold pieces
 18931 | Bazaar   | Bought a potion of heal wounds for 120 gold pieces
 18931 | Bazaar   | Bought a scroll of fog for 96 gold pieces
 19039 | D:15     | XOM: summons 4 hostile demons
 19252 | D:15     | Identified the +9 morningstar of a Thousand Mystics {heavy,
                  | rF+}
 19268 | D:15     | Noticed Nessos
 19280 | D:15     | Killed Nessos
 19370 | D:15     | XOM is BORED!
 19457 | D:12     | XOM: polymorph boulder beetle -> great orb of eyes
 19577 | Spider:1 | Entered Level 1 of the Spider Nest
 19579 | Spider:1 | XOM: polymorph demonic crawler -> hell hog
 19585 | Spider:1 | XOM: blink monster(s)
 19611 | Spider:1 | XOM: summons friendly quasit
 19613 | Spider:2 | Noticed Arachne
 19613 | Spider:2 | Noticed an emperor scorpion
 19703 | Spider:2 | XOM: potion effect (curing)
 19712 | Spider:2 | Reached skill level 7 in Armour
 19712 | Spider:2 | Reached skill level 15 in Shields
 19717 | Spider:2 | XOM: enchant monster (good)
 19847 | Spider:2 | Found a frozen archway.
 19857 | IceCv    | Entered an ice cave
 19865 | IceCv    | Reached XP level 16. HP: 140/165 MP: 7/15
 19868 | IceCv    | Reached skill level 18 in Unarmed Combat
 19871 | IceCv    | Found a transporter.
 19895 | IceCv    | Found a transporter.
 19905 | IceCv    | XOM: summons 3 friendly demons
 19912 | IceCv    | XOM: blink monster(s)
 19940 | IceCv    | XOM: noise
 20053 | Spider:2 | XOM: 2-stop teleportation journey
 20069 | Spider:2 | XOM: enchant monster (bad)
 20084 | Spider:2 | XOM: confusion
 20085 | Spider:2 | HP: 16/165 [Arachne/bolt of poison (8)]
 20086 | Spider:2 | Slain by a demonic crawler

Vanquished Creatures
  Rupert (Lair:4)
  Kirke (Lair:4)
  Roxanne (D:15)
  2 storm dragons (D:12)
  Louise (D:15)
  A juggernaut skeleton (D:15)
  2 very ugly things (IceCv)
  Nessos (D:15)
  A dire elephant (Lair:4)
  An ettin (D:12)
  A fire dragon (Volcano)
  A great orb of eyes (D:12)
  An entropy weaver (Spider:2)
  4 ogre magi (Orc:2)
  A vault guard (D:13)
  9 boulder beetles
  5 centaur warriors
  2 catoblepae
  7 hydras
  14 two-headed ogres
  A death scarab (Spider:2)
  2 death yaks (Lair:4)
  A titan zombie (D:15)
  Amaemon (D:8)
  A skeletal warrior (D:15)
  3 skysharks
  A pharaoh ant (Spider:1)
  A goliath frog (Lair:5)
  Lodul (D:10)
  An orb spider (Spider:2)
  2 steelbarb worms
  An orange crystal statue (IceCv)
  4 lindwurms (Volcano)
  A phantasmal warrior (D:15)
  A wizard (D:15)
  2 wolf spiders (Spider:2)
  A necromancer (D:15)
  2 deep elf pyromancers
  3 cyclopes
  An orc knight (Orc:2)
  13 ugly things
  An orc sorcerer (Orc:2)
  A moth of wrath (Spider:1)
  2 elephants (Lair:5)
  3 manticores
  Maurice (D:10)
  A fire giant skeleton (D:15)
  6 black mambas
  An elephant (shapeshifter) (D:13)
  A cane toad (shapeshifter) (Lair:5)
  19 cane toads
  An orange demon (D:8)
  4 gargoyles
  Jeremiah (D:7)
  An eye of devastation (shapeshifter) (D:15)
  Maggie (D:7)
  A rime drake (Lair:4)
  Psyche (D:8)
  2 kobold demonologists
  3 freezing wraiths
  7 komodo dragons
  2 tengu conjurers (D:15)
  A guardian mummy (D:15)
  A tyrant leech (Lair:5)
  2 alligator simulacra (IceCv)
  2 polar bears
  A tarantella (Spider:2)
  3 trolls
  A hornet (D:13)
  6 dream sheep (Lair:3)
  Prince Ribbit (D:7)
  20 blink frogs
  3 dire elephant simulacra (IceCv)
  A spriggan (shapeshifter) (D:13)
  2 wraiths (D:13)
  3 jumping spiders (Spider:1)
  2 culicivoras
  A shadow (D:12)
  5 wyverns
  48 yaks
  A human (Lair:1)
  3 basilisks
  4 steam dragons (Volcano)
  2 hogs (Lair:4)
  9 vampire mosquitoes
  Grum (D:9)
  6 redbacks
  A harpy simulacrum (IceCv)
  A redback (shapeshifter) (D:14)
  A glowing shapeshifter zombie (D:15)
  Edmund (D:5)
  An acid dragon (D:11)
  2 hell hounds (Volcano)
  14 water moccasins
  A hydra simulacrum (IceCv)
  A sky beast (D:8)
  2 black bears (D:5)
  13 orc warriors
  A swamp drake (D:13)
  36 ogres
  4 ice beasts
  20 wolves
  5 boggarts (D:15)
  4 centaurs (D:14)
  2 phantoms
  3 kobold brigands
  20 bullfrogs
  2 gnoll sergeants
  6 scorpions
  3 wights (D:8)
  A hornet simulacrum (D:15)
  A lindwurm simulacrum (IceCv)
  15 killer bees
  3 howler monkeys
  5 electric eels
  A crimson imp (D:5)
  7 hounds
  2 jellies
  8 orc priests
  Crazy Yiuf (D:7)
  2 centaur skeletons (D:4)
  Terence (D:2)
  A sleepcap (D:5)
  Natasha (thrice) (D:2)
  8 iguanas
  20 orc wizards
  2 hound zombies (D:4)
  A howler monkey zombie (D:4)
  Robin (D:2)
  20 gnolls
  5 adders
  A shadow imp (D:8)
  A white imp (D:7)
  An ufetubus (D:6)
  An adder zombie (D:4)
  6 worms
  4 dart slugs
  63 orcs
  6 ball pythons
  4 bats
  6 endoplasms
  4 giant cockroaches
  18 goblins
  8 hobgoblins
  3 jackals (D:2)
  17 kobolds
  6 quokkas
  2 frilled lizards
  A goblin zombie (D:3)
  12 rats
706 creatures vanquished.

Vanquished Creatures (collateral kills)
  An elephant (Lair:5)
  A tyrant leech (Lair:5)
  A blink frog (Lair:5)
  3 wolves
  3 ogres
  4 killer bees
  2 orc wizards (D:10)
  An orc (D:10)
16 creatures vanquished.

Vanquished Creatures (others)
  A rime drake (D:11)
  2 yaks
  A human (Lair:4)
  A wolf (Lair:2)
  An ogre (Orc:2)
  2 orc priests (Orc:2)
8 creatures vanquished.

Grand Total: 730 creatures vanquished

Table legend: (Time is in decaauts)
 A = Elapsed time spent in this place.
 B = Non-inter-level travel time spent in this place.
 C = Inter-level travel time spent in this place.
 D = Time resting spent in this place.
 E = Time spent auto-exploring this place.
 F = Levels seen in this place.
 G = Mean time per level.
                   A        B        C        D        E       F      G
               +--------+--------+--------+--------+--------+-----+--------+
         Total |  20011 |  18689 |   1322 |   1237 |  12800 |  28 |  714.7 |
       Dungeon |  12329 |  11557 |    772 |    855 |   8317 |  15 |  821.9 |
        Temple |    146 |    146 |      0 |    143 |      0 |   1 |  146.0 |
          Lair |   5391 |   5066 |    325 |    198 |   3589 |   5 | 1078.2 |
   Spider Nest |    380 |    380 |      0 |     33 |     66 |   2 |  190.0 |
  Orcish Mines |   1343 |   1120 |    223 |      0 |    765 |   2 |  671.5 |
        Bazaar |    155 |    155 |      0 |      0 |     63 |   1 |  155.0 |
      Ice Cave |    120 |    120 |      0 |      6 |      0 |   1 |  120.0 |
       Volcano |    143 |    143 |      0 |      0 |      0 |   1 |  143.0 |
               +--------+--------+--------+--------+--------+-----+--------+

Top non-repeatable levels by time:
  Lair:4: 1501 daAuts
  Lair:3: 1153 daAuts
     D:8: 1098 daAuts
    D:12: 1075 daAuts
  Lair:5: 1022 daAuts
     D:4: 1011 daAuts
     D:2: 996 daAuts
    D:11: 934 daAuts
  Lair:1: 933 daAuts
     D:7: 879 daAuts
    D:15: 877 daAuts
    D:10: 833 daAuts
  Lair:2: 781 daAuts
    D:14: 741 daAuts
     D:6: 718 daAuts

Table legend:
 A = Non-vault XP
 B = Vault XP
 C = Vault XP percentage of total XP
 D = Non-vault monster count
 E = Vault monster count
 F = Vault count percentage of total count
                 A         B        C        D         E       F
            +---------+---------+-------+---------+---------+-------
      Total |   85206 |   71906 |  45.8 |     499 |     226 |  31.2
            +---------+---------+-------+---------+---------+-------
        D:1 |      32 |       0 |   0.0 |      20 |       0 |   0.0
        D:2 |     101 |     135 |  57.2 |      17 |      20 |  54.1
        D:3 |     211 |       9 |   4.1 |      30 |       4 |  11.8
        D:4 |     319 |     250 |  43.9 |      20 |       7 |  25.9
        D:5 |     893 |     207 |  18.8 |      20 |       2 |   9.1
        D:6 |     502 |     202 |  28.7 |      16 |       3 |  15.8
        D:7 |     771 |    1205 |  61.0 |      18 |      10 |  35.7
        D:8 |    1182 |    1568 |  57.0 |      19 |       3 |  13.6
        D:9 |     963 |     537 |  35.8 |      25 |       4 |  13.8
       D:10 |    1534 |    2017 |  56.8 |      19 |       9 |  32.1
       D:11 |    3647 |    1020 |  21.9 |      15 |       7 |  31.8
       D:12 |    4551 |    6783 |  59.8 |      13 |       8 |  38.1
       D:13 |    5182 |    1531 |  22.8 |      11 |       4 |  26.7
       D:14 |   12232 |       0 |   0.0 |      24 |       0 |   0.0
       D:15 |    3214 |    8487 |  72.5 |      11 |      11 |  50.0
     Lair:1 |    3488 |       0 |   0.0 |      18 |       0 |   0.0
     Lair:2 |    9249 |       0 |   0.0 |      44 |       0 |   0.0
     Lair:3 |    5678 |    3798 |  40.1 |      22 |      17 |  43.6
     Lair:4 |    9251 |    6564 |  41.5 |      28 |      14 |  33.3
     Lair:5 |    8489 |   10934 |  56.3 |      29 |      38 |  56.7
   Spider:1 |    3962 |       0 |   0.0 |      10 |       0 |   0.0
   Spider:2 |    6106 |       0 |   0.0 |      12 |       0 |   0.0
      Orc:1 |    1057 |       0 |   0.0 |      25 |       0 |   0.0
      Orc:2 |    2592 |   17001 |  86.8 |      33 |      41 |  55.4
      IceCv |       0 |    5199 | 100.0 |       0 |      13 | 100.0
    Volcano |       0 |    4459 | 100.0 |       0 |      11 | 100.0
            +---------+---------+-------+---------+---------+-------
